 Dungeon Crawl Stone Soup version 0.30-a0-458-g86641cc369 (webtiles) character file.

Game seed: 16133837295854209692

33 CrazyBamboolord the Gusty (level 3, -3/19 HPs)
             Began as a Tengu Air Elementalist on Dec 14, 2022.
             Slain by Terence
             ... wielding a +0 hand axe
              (9 damage)
             ... on level 2 of the Dungeon.
             The game lasted 00:02:02 (1407 turns).

CrazyBamboolord the Gusty (Tengu Air Elementalist)  Turns: 1407, Time: 00:02:03

Health: -3/19      AC:  3    Str:  8    XL:     3   Next: 29%
Magic:  1/7        EV: 12    Int: 17    God:
Gold:   61         SH:  0    Dex: 14    Spells: 3/6 levels left

rFire   . . .      SeeInvis .    (no weapon)
rCold   . . .      Faith    .    (no shield)
rNeg    . . .      Spirit   .    a - +0 robe
rPois   .          Reflect  .    (helmet restricted)
rElec   .          Harm     .    d - +0 cloak
rCorr   .          Rampage  .    (no gloves)
Will    .....                    (boots unavailable)
Stlth   ++........               (no amulet)
HPRegen 0.23/turn                (no ring)
MPRegen 0.10/turn                (no ring)

@: no status effects
A: beak, talons 3
a: no special abilities


You were on level 2 of the Dungeon.
You visited 1 branch of the dungeon, and saw 2 of its levels.

You collected 61 gold pieces.

Inventory:

Armour
 a - a +0 robe (worn)
 d - a +0 cloak (worn)
Scrolls
 c - a scroll of teleportation {unknown}


   Skills:
 * Level 2.4 Dodging
 * Level 2.2 Stealth
 * Level 2.3 Spellcasting
 * Level 1.9 Conjurations
 * Level 4.7 Air Magic


You had 3 spell levels left.
You knew the following spells:

 Your Spells              Type           Power      Damage    Failure   Level
a - Shock                 Conj/Air       52%        1d6       4%          1
b - Static Discharge      Conj/Air       26%        2-4/arc   7%          2

Your spell library contained the following spells:

 Spells                   Type           Power      Damage    Failure   Level
 Swiftness                Air            18%        N/A       8%          3
 Airstrike                Air            9%         2d(2-18)  26%         4


Dungeon Overview and Level Annotations

Branches:
Dungeon (2/15)

Altars:

Annotations:
D:2 Terence


Innate Abilities, Weirdness & Mutations

You have a beak for a mouth.
You have claws for feet.


Message History

Terence misses you. Magic courses through your body.
Terence closely misses you.
Aiming: Shock (safe; 4% risk of failure)
Press: ? - help, Q - select action, (/) - cycle Shift-Dir - straight line, f/p - Terence
Aim: Terence, wielding a +0 hand axe and wearing a +0 ring mail (severely wounded, 72% to hit)
The zap hits Terence.
Terence is almost dead.
Terence hits you but does no damage.
Aiming: Shock (safe; 4% risk of failure)
Press: ? - help, Q - select action, (/) - cycle Shift-Dir - straight line, f/p - Terence
Aim: Terence, wielding a +0 hand axe and wearing a +0 ring mail (almost dead, 72% to hit)
The zap hits Terence but does no damage.
Terence is almost dead.
Terence hits you with a +0 hand axe.
* * * LOW HITPOINT WARNING * * *
Aiming: Shock (safe; 4% risk of failure)
Press: ? - help, Q - select action, (/) - cycle Shift-Dir - straight line, f/p - Terence
Aim: Terence, wielding a +0 hand axe and wearing a +0 ring mail (almost dead, 72% to hit)
The zap hits Terence but does no damage.
Terence is almost dead.
Terence barely misses you.
Unknown command.
Aiming: Shock (safe; 4% risk of failure)
Press: ? - help, Q - select action, (/) - cycle Shift-Dir - straight line, f/p - Terence
Aim: Terence, wielding a +0 hand axe and wearing a +0 ring mail (almost dead, 72% to hit)
The zap misses Terence.
Terence misses you.
Aiming: Shock (safe; 4% risk of failure)
Press: ? - help, Q - select action, (/) - cycle Shift-Dir - straight line, f/p - Terence
Aim: Terence, wielding a +0 hand axe and wearing a +0 ring mail (almost dead, 72% to hit)
The zap hits Terence but does no damage.
Terence is almost dead.
Terence completely misses you.
Aiming: Shock (safe; 4% risk of failure)
Press: ? - help, Q - select action, (/) - cycle Shift-Dir - straight line, f/p - Terence
Aim: Terence, wielding a +0 hand axe and wearing a +0 ring mail (almost dead, 72% to hit)
The zap hits Terence.
Terence is almost dead.
Terence hits you with a +0 hand axe!
You die...

#.........#....
#.#####.###.### ####.#
#.....# # #....# #########
##<#### #.... ##....#####
#.### #.....'...# #.# #
#.....###.# #.### . #..@..#
#.######...#
....####[.@..###.##.....#)#
....>........+...†#.###.#..
....#####....###...........
. ...............#.####.##.
#...........####...##.#..
#...........# ###....#.÷
#............#######..#..
#........................


You could see Terence.

Vanquished Creatures
  An adder (D:2)
  2 ball pythons
  5 endoplasms
  A giant cockroach (D:2)
  2 goblins
  2 hobgoblins (D:1)
  2 kobolds
  3 bats (D:1)
  2 frilled lizards
20 creatures vanquished.

Notes
Turn   | Place    | Note
-------+----------+-------------------------------------------
     0 | D:1      | CrazyBamboolord the Tengu Air Elementalist began the quest
                  | for the Orb.
     0 | D:1      | Reached XP level 1. HP: 10/10 MP: 4/4
   283 | D:1      | Reached XP level 2. HP: 15/15 MP: 3/6
   920 | D:2      | Reached XP level 3. HP: 12/19 MP: 3/7
  1073 | D:2      | Found a faded altar of an unknown god.
  1174 | D:2      | Learned a level 2 spell: Static Discharge
  1389 | D:2      | Noticed Terence
  1407 | D:2      | Slain by Terence

Illustrated notes

Levels and vault maps discovered:
D:1:      arrival_zaba_pyramid, layout_basic
D:2:      layout_basic, hellmonk_ecumenical_altar_slurped_away,
          minmay_misc_feat_encased, uniq_terence

Action                   || total
-------------------------++-------
Melee: Unarmed           ||     3
       Kick              ||     1
 Cast: Shock             ||    57
  Use: Potion            ||     1
Armor: Robe              ||     2
Dodge: Dodged            ||    10

Table legend: (Time is in decaauts)
 A = Elapsed time spent in this place.
 B = Non-inter-level travel time spent in this place.
 C = Inter-level travel time spent in this place.
 D = Time resting spent in this place.
 E = Time spent auto-exploring this place.
 F = Levels seen in this place.
 G = Mean time per level.
                   A        B        C        D        E       F      G
               +--------+--------+--------+--------+--------+-----+--------+
         Total |   1406 |   1395 |     11 |      6 |   1268 |   2 |  703.0 |
       Dungeon |   1406 |   1395 |     11 |      6 |   1268 |   2 |  703.0 |
               +--------+--------+--------+--------+--------+-----+--------+

Top non-repeatable levels by time:
     D:1: 899 daAuts
     D:2: 507 daAuts
